 Dungeon Crawl Stone Soup version 0.29.1-4-g47bece8355 (webtiles) character file.

Game seed: 15217606669638830090

3783 javelincjr the Magician (level 10, -29/67 HPs)
             Began as a Djinni Conjurer on Dec 9, 2022.
             Was a Follower of Qazlal.
             Annihilated by a boulder beetle (30 damage)
             ... on level 7 of the Dungeon.
             The game lasted 00:59:54 (9633 turns).

javelincjr the Magician (Djinni Conjurer)           Turns: 9633, Time: 00:59:55

Health: -29/67     AC:  4    Str:  6    XL:     10   Next: 38%
Gold:   378        EV: 14    Int: 30    God:    Qazlal [*.....] SH:  2 Dex: 12

rFire   + + .      SeeInvis .   e - +2 short sword (spect)
rCold   x . .      Faith    .   (no shield)
rNeg    . . .      Spirit   .   t - +0 robe {Will+}
rPois   ∞          Reflect  .   v - +0 helmet
rElec   .          Harm     .   (no cloak)
rCorr   +          Rampage  .   i - +0 pair of gloves
Will    ++...                   (boots unavailable)
Stlth   ++........              (no amulet)
HPRegen 0.21/turn               h - ring of resist corrosion
MPRegen 0.00/turn               p - +6 ring of intelligence

@: flying, very slightly contaminated
A: sickness immunity, fire resistance 2, cold vulnerability 1, float, innate
caster, HP casting, extra vitality 1
a: Renounce Religion


You were on level 7 of the Dungeon.
You worshipped Qazlal.
Qazlal was aware of your devotion.
You visited 2 branches of the dungeon, and saw 8 of its levels.
You also visited: Sewer.

You collected 378 gold pieces.

Inventory:

Hand Weapons
 c - a +4 flail of holy wrath
 e - a +2 spectral short sword (weapon)
 w - a +2 falchion of protection
 B - a +2 mace of protection
 D - a +3 short sword
 E - a +3 war axe of freezing
Missiles
 b - 88 stones
 o - 3 javelins (quivered)
 r - a curare-tipped dart
 y - a boomerang
 G - 3 poisoned darts
Armour
 d - the +0 scale mail of the Minstrel {Rampage +Blink Regen+ Int-2}
   (You found it on level 3 of the Dungeon)

   Int:       It affects your intelligence (-2).
   +Blink:    It lets you blink.
   Regen:     It increases your rate of health regeneration.
   Rampage:   It bestows one free step when moving towards enemies.
 i - a +0 pair of gloves (worn)
 t - a +0 robe of willpower (worn)
 v - a +0 helmet (worn)
Jewellery
 h - a ring of resist corrosion (left hand)
 l - a ring of ice
 p - a +6 ring of intelligence (right hand)
Wands
 f - a wand of quicksilver (14)
 x - a wand of polymorph (8)
 F - a wand of flame (16)
Scrolls
 k - a scroll of identify
 m - a scroll of butterflies
 s - 7 scrolls of teleportation
 C - a scroll of magic mapping
Potions
 a - a potion of invisibility
 g - 4 potions of heal wounds
 j - 3 potions of lignification
 n - 3 potions of degeneration
 q - a potion of magic
 u - a potion of berserk rage
 z - 2 potions of curing
 A - 2 potions of brilliance
 H - a potion of flight {unknown}


   Skills:
 + Level 3.9 Fighting
 + Level 5.1 Short Blades
 + Level 1.4 Throwing
 * Level 5.0 Armour
 + Level 5.6 Dodging
 + Level 4.1 Stealth
 + Level 0.5 Shields
 + Level 0.4 Unarmed Combat
 * Level 7.7 Spellcasting


You had one spell level left.
You knew the following spells:

 Your Spells              Type           Power      Damage    Failure   Level
a - Magic Dart            Conj           100%       1d8       1%          1
b - Searing Ray           Conj           100%       2d8       1%          2
c - Dazzling Flash        Conj/Hex       100%       N/A       1%          3
d - Fulminant Prism       Conj/Hex       27%        3d14      1%          4
e - Iskenderun's Mystic   Conj/Tloc      55%        2d12      1%          4
f - Freeze                Ice            100%       1d11      1%          1
g - Blink                 Tloc           100%       N/A       1%          2
h - Frozen Ramparts       Ice            100%       1d16      1%          3
i - Swiftness             Air            55%        N/A       1%          3
Your spell library was empty.

Dungeon Overview and Level Annotations

Branches:
Dungeon (7/15)             Temple (1/1) D:4           Sewer (visited)

Altars:
Ashenzari
Cheibriados
Dithmenos
Elyvilon
Fedhas
Gozag
Hepliaklqana
Makhleb
Nemelex Xobeh
Okawaru
Qazlal
Ru
Trog
Uskayaw
Wu Jian
Xom
Yredelemnul
Zin
The Shining One

Shops:
D:2 [


Innate Abilities, Weirdness & Mutations

You are immune to sickness and miasma.
You are immune to poison.
Your flesh is very heat resistant. (rF++)
You are vulnerable to cold. (rC-)
You float through the air rather than walking.
You learn spells naturally, not from books.
Your magical power is your life essence.
You have superior vitality. (+4 MHP)


Message History

Your fulminant prism explodes!
The blast of energy engulfs the boulder beetle!
The boulder beetle is severely wounded.
Casting: Fulminant Prism (dangerous; 1% risk of failure)
Confirm with . or Enter, or press ? or * to list all spells.
Aiming: Fulminant Prism (dangerous; 1% risk of failure)
Press: ? - help, Dir - move target You conjure a prism of explosive energy!
A fulminant prism comes into view.
Casting: Fulminant Prism (dangerous; 1% risk of failure)
Confirm with . or Enter, or press ? or * to list all spells.
Aiming: Fulminant Prism (dangerous; 1% risk of failure)
Press: ? - help, Dir - move target You conjure a prism of explosive energy!
A fulminant prism comes into view.
The boulder beetle leaps!
Your fulminant prism crackles loudly.
Your fulminant prism explodes!
There is an open door here.
There is an open door here.
Things that are here:
a +0 robe; a +0 dagger The boulder beetle attacks as you move away!
The boulder beetle bites you!
The boulder beetle curls into a ball and begins rolling!
Casting: Fulminant Prism (dangerous; 1% risk of failure)
Confirm with . or Enter, or press ? or * to list all spells.
You miscast Iskenderun's Mystic Blast.
You are very lightly contaminated with residual magic.
Energy rips through your body. The boulder beetle hits you!!
* * * LOW HITPOINT WARNING * * *
The boulder beetle stops rolling and uncurls.
Casting: Iskenderun's Mystic Blast (dangerous; 1% risk of failure)
Confirm with . or Enter, or press ? or * to list all spells.
You erupt in a blast of force!
The mystic blast hits the boulder beetle!
The boulder beetle is severely wounded.
* * * LOW HITPOINT WARNING * * *
The boulder beetle bites you!!
You die...

### #### ####.#
...#########....######
.....................#
...##.##.#######[###.#
###....#.#....P#B# #.#
...#.##..#.#'#.#@###.#
#...####.#.#.#.#...#.#
.##.###..#.###.#...#.#
#.####...#.....#...#.# #####
.....###.###'###...#.# #....
....#..#...........#.# #.###
#..#.##.##.###.#...#.########.#.#
..#.#..#...##.#............>#.#.#
##.#.#####..####.......####.#.#.#


You could see a boulder beetle.

Vanquished Creatures
  A hydra (D:7)
  A manticore (D:7)
  The ghost of trench the Shield-Bearer, an amateur DrFi (D:2)
  Edmund (D:4)
  3 water moccasins
  An ice beast (D:7)
  A sky beast (D:7)
  A black bear (D:6)
  An ogre (D:6)
  A centaur (D:7)
  A kobold brigand (D:7)
  A gnoll sergeant (D:4)
  3 bullfrogs
  A necrophage (D:7)
  2 scorpions
  3 wights (D:6)
  3 killer bees (D:7)
  2 howler monkeys (D:7)
  5 hounds
  A crimson imp (D:5)
  A jelly (D:5)
  4 orc priests
  A gnoll bouda (D:4)
  3 iguanas
  6 orc wizards
  8 gnolls (D:4)
  9 adders
  3 river rats (D:5)
  2 white imps
  2 ufetubi
  5 worms
  3 dart slugs
  18 orcs
  8 ball pythons
  5 bats
  6 endoplasms
  4 giant cockroaches
  3 goblins
  13 hobgoblins
  4 jackals (D:2)
  6 quokkas
  4 frilled lizards
  11 kobolds
  4 rats
167 creatures vanquished.

Vanquished Creatures (others)
  51 fulminant prisms
  23 plants
74 creatures vanquished.

Grand Total: 241 creatures vanquished

Notes
Turn   | Place    | Note
-------+----------+-------------------------------------------
     0 | D:1      | javelincjr the Djinni Conjurer began the quest for the Orb.
     0 | D:1      | javelincjr set off with the following spells memorised:
                  | Magic Dart, Searing Ray, Dazzling Flash, Fulminant Prism,
                  | Iskenderun's Mystic Blast.
     0 | D:1      | Reached XP level 1. HP: 15/15 MP: 0/0
   227 | D:1      | Reached XP level 2. HP: 14/21 MP: 0/0
   929 | D:1      | Reached XP level 3. HP: 24/25 MP: 0/0
   929 | D:1      | Learned a level 1 spell: Freeze
   965 | D:1      | Found a faded altar of an unknown god.
  1523 | D:2      | Found Gaffudd's Antique Armour Boutique.
  1569 | D:2      | Reached skill level 4 in Spellcasting
  1906 | D:2      | Found a blossoming altar of Fedhas.
  1949 | D:2      | Reached XP level 4. HP: 21/31 MP: 0/0
  2831 | D:3      | Reached XP level 5. HP: 31/35 MP: 0/0
  2831 | D:3      | Learned a level 2 spell: Blink
  3036 | D:3      | Found a runed translucent door.
  3039 | D:3      | Noticed trench's ghost (amateur DrFi)
  3405 | D:2      | Killed trench's ghost
  3406 | D:2      | Reached skill level 1 in Fighting
  3406 | D:2      | Reached skill level 1 in Short Blades
  3406 | D:2      | Reached XP level 6. HP: 12/42 MP: 0/0
  3648 | D:3      | Identified the +0 scale mail of the Minstrel {Rampage
                  | +Blink Regen+ Int-2}
  4068 | D:4      | Noticed Edmund
  4077 | D:4      | Killed Edmund
  4078 | D:4      | Reached skill level 1 in Armour
  4078 | D:4      | Reached XP level 7. HP: 34/47 MP: 0/0
  4078 | D:4      | Learned a level 3 spell: Frozen Ramparts
  4081 | D:4      | Reached skill level 5 in Spellcasting
  4288 | D:4      | Found a staircase to the Ecumenical Temple.
  4298 | Temple   | Entered the Ecumenical Temple
  4414 | Temple   | Became a worshipper of Qazlal Stormbringer
  4983 | D:5      | Entered Level 5 of the Dungeon
  5035 | D:5      | Found a sparkling altar of Nemelex Xobeh.
  5044 | D:5      | Reached XP level 8. HP: 46/54 MP: 0/0
  5472 | D:5      | Found a glowing drain.
  5492 | Sewer    | Entered a sewer
  5840 | D:5      | Reached * piety under Qazlal
  6347 | D:6      | Reached XP level 9. HP: 57/59 MP: 0/0
  6347 | D:6      | Learned a level 3 spell: Swiftness
  6423 | D:6      | Reached skill level 6 in Spellcasting
  6429 | D:6      | Reached skill level 1 in Throwing
  6724 | D:6      | Found a burning altar of Makhleb.
  7354 | D:7      | Reached skill level 5 in Dodging
  7522 | D:7      | Noticed a boulder beetle
  8500 | D:7      | Noticed a manticore
  8680 | D:7      | Noticed a four-headed hydra
  8697 | D:7      | Killed a four-headed hydra
  8698 | D:7      | Reached skill level 7 in Spellcasting
  8698 | D:7      | Reached XP level 10. HP: 50/67 MP: 0/0
  8710 | D:7      | Reached ** piety under Qazlal
  8730 | D:7      | Killed a manticore
  8731 | D:7      | Reached skill level 5 in Short Blades
  9283 | D:7      | Reached skill level 5 in Armour
  9633 | D:7      | Annihilated by a boulder beetle

Illustrated notes

Levels and vault maps discovered:
D:1:      dpeg_arrival_stonehenge_8_columns, layout_basic,
          shapermc_ecumenical_altar_hornbeckon
D:2:      layout_basic, basic_altar, serial_shops, nicolae_square_shop,
          st_stairs_6, minmay_misc_feat_nine_boxes, minmay_diced_spiral
D:3:      layout_basic, ebering_ghost_sewer_d
D:4:      layout_rooms, minmay_temple_entry_large_hall, uniq_edmund
D:5:      layout_loops_ring, general_overflow_altar, portal_sewer_entry_e,
          minmay_fire_ice_demons
D:6:      layout_basic, lightli_temple_of_fire, hangedman_decor_clover_reticule
D:7:      layout_basic, minmay_shattered_shrine
Temple:   nicolae_temple_slightly_damp_pantheon

Skill      XL: |  1  2  3  4  5  6  7  8  9 10 |
---------------+-------------------------------+-----
Spellcasting   | 4 5 7 |  7.7
Stealth        | 2 3 4 |  4.1
Fighting       | 1 2 3 |  3.9
Short Blades   | 1 2 3 4 5 |  5.1
Dodging        | 3 4 5 |  5.6
Armour         | 1 3 4 5 |  5.0
Throwing       | 1 |  1.4
Shields        | |  0.5
Unarmed Combat | |  0.4

Action                   |  1- 3 |  4- 6 |  7- 9 | 10-12 || total
-------------------------+-------+-------+-------+-------++-------
Melee: Unarmed           |    12 |       |       |       ||    12
       Short sword       |    54 |    88 |   165 |     8 ||   315
       Punch             |       |       |     1 |     1 ||     2
Throw: Javelin           |       |     2 |     7 |     1 ||    10
 Cast: Magic Dart        |    36 |     5 |    13 |     1 ||    55
       Searing Ray       |     3 |    11 |     8 |       ||    22
       Fulminant Prism   |       |     6 |    30 |    15 ||    51
       Blink             |       |     1 |       |       ||     1
       Frozen Ramparts   |       |       |     3 |       ||     3
       Iskenderun's Myst |       |       |     1 |     6 ||     7
       Swiftness         |       |       |     2 |       ||     2
  Use: Scroll            |       |    10 |     8 |     1 ||    19
       Potion            |       |     5 |       |     1 ||     6
 Stab: Sleeping          |     1 |     2 |       |       ||     3
       Distracted        |     1 |       |     3 |       ||     4
Armor: Robe              |    14 |    23 |    27 |       ||    64
       Scale mail        |       |    18 |       |       ||    18
Dodge: Dodged            |    41 |    69 |    77 |     2 ||   189
Block: Other             |       |       |     5 |     1 ||     6
